 Dungeon Crawl Stone Soup version 0.29.1-12-g30fa7ad0bf (webtiles) character file.

Game seed: 2795168808691142912

28968 DemonSlayer the Thaumaturge (level 13, -3/85 HPs)
             Began as a Demonspawn Earth Elementalist on Jan 6, 2023.
             Was the Champion of Cheibriados.
             Slain by Harold
             ... wielding a +3 trident of protection
              (4 damage)
             ... on level 2 of the Lair of Beasts.
             The game lasted 00:47:35 (17071 turns).

DemonSlayer the Thaumaturge (DsEE)                 Turns: 17071, Time: 00:47:35

Health: -3/85      AC: 11    Str: 23    XL:     13   Next: 12%
Magic:  6/29       EV:  9    Int: 43    God:    Cheibriados [******]
Gold:   2243       SH:  0    Dex: 29    Spells: 11/36 levels left

rFire   . . .      SeeInvis +   h - staff of earth
rCold   . . .      Faith    .   (no shield)
rNeg    . . .      Spirit   .   D - +1 troll leather armour
rPois   .          Reflect  .   g - +0 helmet
rElec   .          Harm     .   m - +0 cloak
rCorr   .          Rampage  .   (no gloves)
Will    .....                   (no boots)
Stlth   ++++......              a - amulet of the acrobat
HPRegen 1.04/turn               w - +6 ring of intelligence
MPRegen 0.42/turn               y - ring of see invisible

@: lethally poisoned (-3 -> -19), marked, held, studying Conjurations, very slow
A: yellow scales 2, demonic guardian 2, magic regeneration
a: Renounce Religion, Bend Time, Temporal Distortion, Slouch, Step From Time


You were on level 2 of the Lair of Beasts.
You worshipped Cheibriados.
Cheibriados was exalted by your worship.
You visited 3 branches of the dungeon, and saw 15 of its levels.
You also visited: Bailey.

You collected 3279 gold pieces.
You spent 1036 gold pieces at shops.

Inventory:

Missiles
 c - 3 throwing nets
 A - 3 silver boomerangs
Armour
 g - a +0 helmet (worn)
 m - a +0 cloak (worn)
 D - a +1 troll leather armour (worn)
Magical Staves
 h - a staff of earth (weapon)
Jewellery
 a - an amulet of the acrobat (around neck)
 s - a ring of fire
 t - an amulet of reflection
 w - a +6 ring of intelligence (left hand)
 y - a ring of see invisible (right hand)
Wands
 f - a wand of flame (39)
 j - a wand of mindburst (1)
 z - a wand of iceblast (10)
Scrolls
 d - a scroll of teleportation {unknown}
 e - a scroll of fog
 i - a scroll of vulnerability
 l - 5 scrolls of identify
 n - a scroll of poison
 o - 4 scrolls of brand weapon
Potions
 k - a potion of brilliance
 p - a potion of lignification
 q - 4 potions of mutation
 r - a potion of magic
 v - a potion of flight
 x - 2 potions of attraction


   Skills:
 + Level 2.7 Fighting
 + Level 3.1 Staves
 + Level 1.8 Throwing
 + Level 4.1 Armour
 + Level 5.3 Dodging
 + Level 5.1 Stealth
 + Level 2.9 Shields
 + Level 12.0 Spellcasting
 + Level 11.0 Conjurations
 + Level 1.4 Transmutations
 + Level 1.1 Fire Magic
 + Level 0.4 Ice Magic
 + Level 1.5 Air Magic
 + Level 11.5 Earth Magic
 + Level 0.7 Poison Magic
 + Level 1.2 Evocations


You had 11 spell levels left.
You knew the following spells:

 Your Spells              Type           Power      Damage    Failure   Level
b - Stone Arrow           Conj/Erth      100%       3d13      1%          3
c - Ignite Poison         Fire/Tmut/Pois 35%        N/A       2%          3
d - Mephitic Cloud        Conj/Pois/Air  59%        N/A       1%          3
e - Petrify               Tmut/Erth      89%        N/A       1%          4
f - Freezing Cloud        Conj/Ice/Air   29%        6-21      6%          5
g - Passwall              Tmut/Erth      74%        N/A       1%          2
h - Alistair's Intoxicat  Tmut/Pois      23%        N/A       24%         5

Your spell library contained the following spells:

 Spells                   Type           Power      Damage    Failure   Level
 Magic Dart               Conj           100%       1d8       0%          1
 Sandblast                Erth           100%       2d20      0%          1
 Apportation              Tloc           50%        N/A       1%          1
 Necrotise                Necr           100%       1d9       1%          1
 Shock                    Conj/Air       100%       1d9       1%          1
 Summon Small Mammal      Summ           100%       N/A       1%          1
 Call Imp                 Summ           25%        N/A       1%          2
 Sublimation of Blood     Necr           25%        N/A       1%          2
 Swiftness                Air            38%        N/A       2%          3
 Borgnjor's Vile Clutch   Necr/Erth      42%        N/A       3%          5
 Irradiate                Conj/Tmut      34%        3d23      3%          5
 Airstrike                Air            19%        2d(3-19)  7%          4
 Eringya's Noxious Bog    Tmut/Pois      17%        N/A       78%         6


Dungeon Overview and Level Annotations

Branches:
Dungeon (12/15)            Temple (1/1) D:4            Lair (2/5) D:8
    Orc (0/2) D:10         Bailey (visited)
  Swamp: Lair:2-3    Shoals: Lair:2-3     Snake: Lair:2-3    Spider: Lair:2-3

Altars:
Ashenzari
Cheibriados
Dithmenos
Fedhas
Gozag
Hepliaklqana
Kikubaaqudgha
Makhleb
Nemelex Xobeh
Okawaru
Qazlal
Ru
Sif Muna
Trog
Uskayaw
Vehumet
Wu Jian
Xom
Yredelemnul

Shops:
D:4 !   D:5 :

Annotations:
Lair:2 Harold


Innate Abilities, Weirdness & Mutations

You are mostly covered in yellow scales. (AC +3)
A demonic guardian rushes to your aid.
You regenerate magic rapidly.


Message History

The blink frog seems to slow down.
You kill the blink frog!
Cheibriados appreciates the change of pace.
The blink frog is engulfed in freezing vapours.
The blink frog hits Harold but does no damage.
The cane toad closely misses you.
Harold is engulfed in freezing vapours.
Harold misses you.
Unknown command.
Unknown command.
Unknown command.
The flow of time bends around you.
Cheibriados rebukes the cane toad.
The cane toad seems to slow down.
The cane toad resists with some effort.
You feel sick. The cane toad completely misses you.
The bullfrog hits the cane toad but does no damage.
The blink frog is engulfed in freezing vapours.
The blink frog seems to slow down.
You kill the blink frog!
Cheibriados thoroughly appreciates the change of pace.
Harold is engulfed in freezing vapours.
Harold throws a throwing net.
The throwing net hits you.
You become entangled in the net!
The cane toad stings you!
Your Conjurations skill increases to level 11!
Unknown command.
You struggle against the net.
You feel sick.
The bullfrog closely misses the cane toad.
The cane toad closely misses you.
Harold is engulfed in freezing vapours.
Harold points at you and mumbles some strange words.
The mark upon you grows brighter. The cane toad stings you.
The bullfrog barely misses the cane toad.
You struggle against the net.
You feel sick. The cane toad stings you!
* * * LOW HITPOINT WARNING * * *
A demonic guardian appears!
You are more poisoned.
The cane toad poisons you!
The bullfrog hits the cane toad.
The cane toad stings you!
* * * LOW HITPOINT WARNING * * *
Harold is engulfed in freezing vapours.
Harold hits you from afar with a +3 trident of protection.
You die...

###.....#.......#
#.#...##.#..#...#
#....####.###†.##
##....# ####....#
##....## #.....#
##.....# #....##
##....P## ##....#
.....### #....F#
....## ###§@F.###
....# #.§.F§...#
..P## #.@3§#...#
#P##
#§.§§§#...... ###
.§§§.§######..#
..§§§.# ...
#.>§.. # ....PP
....##


You could see Harold (invisible), 2 cane toads, a bullfrog (confused) and a
friendly sixfirhy (summoned).

Vanquished Creatures
  Rupert (D:12)
  Kirke (D:12)
  3 hydras
  A boulder beetle (D:12)
  3 two-headed ogres
  A black mamba (Lair:2)
  2 elephants (Lair:1)
  A cyclops (D:12)
  A manticore (D:11)
  3 gargoyles (D:12)
  3 cane toads
  A rime drake (Lair:1)
  A kobold demonologist (D:6)
  3 trolls
  A polar bear (Lair:1)
  6 slime creatures (D:12)
  5 blink frogs (Lair:2)
  Sigmund (D:2)
  A shadow (D:12)
  3 wyverns
  A vampire (D:10)
  A hog (D:12)
  18 yaks
  7 wraiths
  A steam dragon (D:9)
  3 acid dragons
  A warg (D:6)
  7 water moccasins
  7 orc warriors
  2 black bears
  A sky beast (D:7)
  6 wolves
  3 centaurs
  5 ogres
  2 phantoms
  8 kobold brigands
  6 bullfrogs
  8 gnoll sergeants
  A necrophage (D:5)
  2 scorpions
  3 wights (D:8)
  7 howler monkeys
  A jelly (D:8)
  11 hounds
  14 orc priests
  Crazy Yiuf (D:2)
  5 gnoll boudas
  9 iguanas
  Ijyb (D:3)
  17 orc wizards
  19 gnolls
  8 adders
  A shadow imp (D:6)
  4 white imps
  5 worms
  3 dart slugs
  57 orcs
  6 bats
  4 endoplasms
  A giant cockroach (D:6)
  13 goblins
  6 hobgoblins
  10 jackals
  A quokka (D:4)
  5 ball pythons
  A frilled lizard (D:3)
  19 kobolds
  6 rats
370 creatures vanquished.

Vanquished Creatures (collateral kills)
  Josephine (D:12)
  3 elephants (Lair:1)
  A troll (D:12)
  A slime creature (D:12)
  A wyvern (Lair:2)
  4 yaks
  An orc warrior (D:12)
  A wolf (Bailey)
  3 gnoll sergeants (Bailey)
  2 gnoll boudas (Bailey)
  An orc wizard (D:12)
  5 gnolls
  An orc (D:12)
25 creatures vanquished.

Vanquished Creatures (others)
  4 humans (D:12)
  9 fungi
  14 plants
27 creatures vanquished.

Grand Total: 422 creatures vanquished

Notes
Turn   | Place    | Note
-------+----------+-------------------------------------------
     0 | D:1      | DemonSlayer the Demonspawn Earth Elementalist began the
                  | quest for the Orb.
     0 | D:1      | Reached XP level 1. HP: 13/13 MP: 3/3
   284 | D:1      | Found a faded altar of an unknown god.
   290 | D:1      | Gained mutation: You are partially covered in yellow
                  | scales. (AC +2) [demonic ancestry]
   290 | D:1      | Reached XP level 2. HP: 18/19 MP: 5/5
   996 | D:2      | Gained mutation: A weak demonic guardian rushes to your
                  | aid. [demonic ancestry]
   996 | D:2      | Reached XP level 3. HP: 18/24 MP: 4/6
  1139 | D:2      | Noticed Sigmund
  1148 | D:2      | Killed Sigmund
  1149 | D:2      | Reached skill level 3 in Spellcasting
  1149 | D:2      | Reached XP level 4. HP: 12/30 MP: 0/9
  1149 | D:2      | Gained mutation: A demonic guardian rushes to your aid.
                  | [demonic ancestry]
  1149 | D:2      | Reached XP level 5. HP: 14/35 MP: 0/10
  1656 | D:2      | Learned a level 3 spell: Stone Arrow
  1660 | D:2      | Learned a level 3 spell: Ignite Poison
  1664 | D:2      | Learned a level 3 spell: Mephitic Cloud
  1721 | D:2      | Found a runed translucent door.
  1722 | D:2      | Noticed Crazy Yiuf
  2181 | D:2      | Killed Crazy Yiuf
  2182 | D:2      | Reached skill level 4 in Spellcasting
  2423 | D:3      | Gained mutation: You regenerate magic rapidly. [demonic
                  | ancestry]
  2423 | D:3      | Reached XP level 6. HP: 41/41 MP: 9/12
  2436 | D:3      | Noticed Ijyb
  2440 | D:3      | Killed Ijyb
  3151 | D:4      | Found Fawemuts's Distillery.
  3158 | D:4      | Bought a potion of mutation for 104 gold pieces
  3158 | D:4      | Bought a potion of might for 52 gold pieces
  3202 | D:4      | Reached skill level 5 in Earth Magic
  3342 | D:4      | Reached skill level 5 in Spellcasting
  3342 | D:4      | Gained mutation: You are mostly covered in yellow scales.
                  | (AC +3) [demonic ancestry]
  3342 | D:4      | Reached XP level 7. HP: 24/46 MP: 7/14
  3863 | D:4      | Found a staircase to the Ecumenical Temple.
  4120 | D:4      | Learned a level 4 spell: Petrify
  4148 | D:5      | Entered Level 5 of the Dungeon
  4336 | D:5      | Reached skill level 1 in Armour
  4463 | D:5      | Reached skill level 6 in Spellcasting
  4463 | D:5      | Reached XP level 8. HP: 52/52 MP: 14/17
  4481 | D:5      | Found Voduih's Book Shop.
  4621 | D:5      | Learned a level 5 spell: Freezing Cloud
  4684 | Temple   | Entered the Ecumenical Temple
  4803 | Temple   | Became a worshipper of Cheibriados the Contemplative
  5308 | D:6      | Noticed a kobold demonologist
  5338 | D:6      | Noticed an ice devil
  5349 | D:6      | Reached skill level 7 in Spellcasting
  5351 | D:6      | Killed a kobold demonologist
  5352 | D:6      | Reached skill level 1 in Shields
  5358 | D:6      | Reached XP level 9. HP: 45/58 MP: 9/20
  5390 | D:6      | Reached * piety under Cheibriados
  5717 | D:6      | Reached skill level 8 in Spellcasting
  5784 | D:6      | Reached ** piety under Cheibriados
  6047 | D:6      | Identified the +5 sling of the Desolation of Salt {freeze,
                  | Int+4}
  6553 | D:6      | Reached skill level 9 in Spellcasting
  6561 | D:6      | Reached *** piety under Cheibriados
  6570 | D:6      | Reached XP level 10. HP: 64/64 MP: 16/23
  6690 | D:6      | Learned a level 2 spell: Passwall
  6929 | D:7      | Found a flagged portal.
  6935 | Bailey   | Entered a bailey
  7200 | Bailey   | Reached **** piety under Cheibriados
  7390 | Bailey   | Reached skill level 1 in Conjurations
  8194 | D:7      | Found an ancient bone altar of Kikubaaqudgha.
  8579 | D:8      | Reached ***** piety under Cheibriados
  8580 | D:8      | Reached skill level 1 in Transmutations
  8988 | D:8      | Reached skill level 1 in Fighting
  9025 | D:8      | Found a staircase to the Lair.
  9188 | D:8      | Found a bloodstained altar of Trog.
  9190 | D:8      | Found an ornate altar of the Wu Jian Council.
  9192 | D:8      | Found a sacrificial altar of Ru.
  9726 | Lair:1   | Entered Level 1 of the Lair of Beasts
  9726 | Lair:1   | Noticed a seven-headed hydra
  9822 | D:9      | Reached XP level 11. HP: 70/70 MP: 15/24
  9830 | D:9      | Reached skill level 10 in Spellcasting
  9833 | D:9      | Reached skill level 1 in Staves
 10720 | D:9      | Identified a scroll of acquirement
 10720 | D:9      | Acquired 850 gold pieces
 11021 | D:5      | Bought a manual of Conjurations for 880 gold pieces
 11099 | D:10     | Entered Level 10 of the Dungeon
 11576 | D:10     | Identified the +9 morningstar "Momiegey" {speed, Will+}
 11739 | D:10     | Noticed a two-headed ogre
 11761 | D:10     | Killed a two-headed ogre
 11762 | D:10     | Reached skill level 5 in Conjurations
 11973 | D:10     | Found a staircase to the Orcish Mines.
 12452 | D:11     | Reached skill level 1 in Evocations
 12925 | D:11     | Reached skill level 10 in Earth Magic
 13162 | D:11     | Learned a level 5 spell: Alistair's Intoxication
 13212 | D:12     | Noticed Rupert
 13219 | D:12     | Paralysed by Rupert for 5 turns
 13227 | D:12     | Killed Rupert
 13613 | D:12     | Reached skill level 1 in Throwing
 13629 | D:12     | Noticed Josephine
 13644 | D:12     | Killed Josephine
 13650 | D:12     | Reached ****** piety under Cheibriados
 13653 | D:12     | Noticed a two-headed ogre
 13944 | D:12     | Reached XP level 12. HP: 41/78 MP: 18/26
 14142 | D:12     | Noticed Kirke
 14151 | D:12     | Killed Kirke
 14152 | D:12     | Reached skill level 11 in Spellcasting
 14396 | D:12     | Found an iron altar of Okawaru.
 14424 | D:12     | Killed a two-headed ogre
 14753 | D:12     | Reached skill level 5 in Stealth
 15365 | D:12     | Noticed a two-headed ogre
 15369 | D:12     | Killed a two-headed ogre
 15574 | D:12     | Noticed a boulder beetle
 15584 | D:12     | Killed a boulder beetle
 15717 | Lair:1   | Reached skill level 1 in Fire Magic
 15720 | Lair:1   | Killed a seven-headed hydra
 15721 | Lair:1   | Reached skill level 5 in Dodging
 15866 | Lair:1   | Reached skill level 1 in Air Magic
 16235 | Lair:1   | Noticed a four-headed hydra
 16239 | Lair:1   | Killed a four-headed hydra
 16283 | Lair:1   | Reached skill level 10 in Conjurations
 16724 | Lair:2   | Noticed a four-headed hydra
 16731 | Lair:2   | Killed a four-headed hydra
 16732 | Lair:2   | Reached XP level 13. HP: 66/85 MP: 8/28
 17027 | Lair:2   | Reached skill level 12 in Spellcasting
 17051 | Lair:2   | Noticed Harold
 17071 | Lair:2   | HP: 1/85 [cane toad (16)]
 17071 | Lair:2   | Slain by Harold

Illustrated notes

Levels and vault maps discovered:
D:1:      dpeg_arrival_three_same_balls, layout_basic,
          hellmonk_ecumenical_altar_run_dry
D:2:      layout_loops_ring, dreamdust_wishing_well, uniq_crazy_yiuf_cottage,
          uniq_sigmund
D:3:      layout_loops_ring, chequers_mini_garden, uniq_ijyb
D:4:      layout_cave_pods, minmay_temple_entry_statues_pillars, serial_shops,
          nicolae_shop_stone
D:5:      layout_rooms, serial_shops, kennysheep_mini_moat
D:6:      lemuel_castle_with_subvaults [lemuel_castle_interior_carwin_1],
          layout_rooms, portal_sewer_entry_a, grunt_ministairs_14
D:7:      layout_basic, mainiacjoe_overflow_alcove_4, enter_bailey_3,
          kennysheep_generic_room_11
D:8:      layout_basic, grunt_temple_overflow_open, lair_entry_dummy,
          serial_ice, serial_ice_o, serial_ice_d, serial_ice_f, serial_ice_e
D:9:      layout_cave_pods, evilmike_butchery
D:10:     layout_long_grid, david_orc_4
D:11:     layout_small_grid
D:12:     layout_loops_corners, kennysheep_okawaru_gauntlet, uniq_josephine,
          uniq_kirke, uniq_rupert
Temple:   minmay_crystal_spiral_temple
Lair:1:   layout_roguey, portal_ice_cave_entry_pillars_1
Lair:2:   cheibrodos_lair_river_kwai, layout_concentric_octagons, uniq_harold

Skill      XL: |  1  2  3  4  5  6  7  8  9 10 11 12 13 |
---------------+----------------------------------------+-----
Earth Magic    | 3 4 5 6 7 8 9 10 11 | 11.5
Dodging        | 2 3 4 5 |  5.3
Stealth        | 2 3 4 5 |  5.1
Spellcasting   | 3 4 5 6 7 9 10 11 12 | 12.0
Armour         | 1 2 3 4 |  4.1
Shields        | 1 2 |  2.9
Conjurations   | 4 7 10 11 | 11.0
Transmutations | 1 |  1.4
Fighting       | 1 2 |  2.7
Staves         | 2 3 |  3.1
Evocations     | 1 |  1.2
Throwing       | 1 |  1.8
Fire Magic     | 1 |  1.1
Air Magic      | 1 |  1.5
Ice Magic      | |  0.4
Poison Magic   | |  0.7

Action                   |  1- 3 |  4- 6 |  7- 9 | 10-12 | 13-15 || total
-------------------------+-------+-------+-------+-------+-------++-------
Melee: Dagger            |     8 |       |       |       |       ||     8
       Punch             |     1 |       |       |       |       ||     1
       Staff             |       |     1 |    14 |    66 |     2 ||    83
Throw: Dart              |       |       |       |     7 |       ||     7
       Throwing net      |       |       |       |     6 |       ||     6
 Cast: Sandblast         |    40 |    60 |   190 |    40 |       ||   330
       Stone Arrow       |       |       |       |   293 |    20 ||   313
       Mephitic Cloud    |       |       |       |     9 |     1 ||    10
       Ignite Poison     |       |       |       |     5 |       ||     5
       Freezing Cloud    |       |       |       |     3 |     2 ||     5
Invok: Bend Time         |       |       |       |       |     1 ||     1
Evoke: Wand              |       |       |       |    17 |       ||    17
  Use: Potion            |     1 |       |     3 |    13 |     1 ||    18
       Scroll            |       |     3 |     9 |    16 |       ||    28
 Stab: Sleeping          |     2 |       |       |       |       ||     2
       Held in net/web   |       |       |       |     3 |       ||     3
       Confused          |       |       |       |     1 |       ||     1
Armor: Robe              |     8 |       |       |       |       ||     8
       Leather armour    |       |     7 |    54 |    26 |       ||    87
       Steam dragon scal |       |       |       |    14 |       ||    14
       Troll leather arm |       |       |       |    44 |    10 ||    54
Dodge: Dodged            |    27 |    12 |    61 |   341 |    50 ||   491
Block: Kite shield       |       |     3 |    50 |    20 |       ||    73
